 Dungeon Crawl Stone Soup version 0.30-a0-949-g53dc5368d7 (webtiles) character file.

Game seed: 214619742411037336

60074 voltaire321 the Protected (level 14, -10/148 HPs)
             Began as a Demonspawn Venom Mage on Mar 28, 2023.
             Was the Champion of Hepliaklqana.
             Mangled by a sun demon (13 damage)
             ... on level 1 of the Orcish Mines.
             The game lasted 01:19:36 (20576 turns).

voltaire321 the Protected (Demonspawn Venom Mage)  Turns: 20576, Time: 01:19:37

Health: -10/148    AC: 27    Str: 13    XL:     14   Next: 55%
Magic:  11/23      EV:  2    Int: 19    God:    Hepliaklqana [******]
Gold:   1972       SH:  0    Dex: 15    Spells: 18/26 levels left

rFire   . . .      SeeInvis .    w - staff of conjuration "Zuroladd" {rPois rN++ Int+3}
rCold   . . .      Faith    .    (no shield)
rNeg    + + .      Spirit   .    A - melded +2 scale mail of Fashionability {Regen+ Slay+2}
rPois   +          Reflect  .    n - melded +1 helmet
rElec   .          Rampage  .    a - melded +1 cloak {rCorr}
rCorr   .          NoTele   +    (gloves unavailable)
Will    +....                    J - melded +0 pair of boots
Stlth   ++                       (no amulet)
HPRegen 0.44/turn                f - +4 ring of slaying
MPRegen 0.18/turn                g - +4 ring of slaying

@: tree-form, spiked, studying Armour
A: stationary, stasis, torment immunity, boosted hp, reduced essence, (yellow
scales 3), demonic guardian 2, (spiny 1), (demonic touch 3)
a: Renounce Religion, Recall Ancestor, Ancestor Identity, Transference, Idealise


You were on level 1 of the Orcish Mines.
You worshipped Hepliaklqana.
Hepliaklqana was exalted by your worship.
You were a tree.
You visited 4 branches of the dungeon, and saw 18 of its levels.
You also visited: Gauntlet.

You collected 2900 gold pieces.
You spent 928 gold pieces at shops.

Inventory:

Hand Weapons
 P - the +9 staff of Olgreb {rPois∞}
   (You found it in a Gauntlet)

   It enhances your poison magic.
   It grants immunity to poison.
   It can be activated via the 'a'bility menu to radiate toxic energy, with
   effectiveness depending on Evocations skill.
Armour
 a - a +1 cloak of preservation (melded)
 n - a +1 helmet (melded)
 A - the +2 scale mail of Fashionability (melded) {Regen+ Slay+2}
   (You found it on level 10 of the Dungeon)

   Slay:      It affects your accuracy & damage with ranged weapons and melee
   (+2).
   Regen:     It increases your rate of health regeneration.
 J - a +0 pair of boots (melded)
Magical Staves
 c - the staff of fire "Boidon" {rF+ Will++ rCorr Int+3}
   (You found it on level 5 of the Lair of Beasts)

   [staff of fire]

   Base accuracy: +5 Base damage: 5 Base attack delay: 1.2 This weapon's minimum
   attack delay (0.6) is reached at skill level 12.
   Int:       It affects your intelligence (+3).
   rF:        It protects you from fire.
   rCorr:     It protects you from acid and corrosion.
   Will:      It greatly increases your willpower.
   It falls into the 'Staves' category.
   It is a one-handed weapon.
 w - the staff of conjuration "Zuroladd" (weapon) {rPois rN++ Int+3}
   (You found it in a Gauntlet)

   [staff of conjuration]

   Base accuracy: +5 Base damage: 5 Base attack delay: 1.2 This weapon's minimum
   attack delay (0.6) is reached at skill level 12.
   Int:       It affects your intelligence (+3).
   rPois:     It protects you from poison.
   rN:        It greatly protects you from negative energy.
   It falls into the 'Staves' category.
   It is a one-handed weapon.
Jewellery
 f - a +4 ring of slaying (left branch)
 g - a +4 ring of slaying (right branch)
 q - a ring of flight
 K - a +4 ring of protection
 M - a +4 ring of protection
 N - a ring of positive energy
Wands
 r - a wand of iceblast (28)
 z - a wand of polymorph (14)
 G - a wand of flame (35)
 R - a wand of mindburst (3)
 U - a wand of paralysis (4)
Scrolls
 B - a scroll of immolation
 D - a scroll of teleportation
 I - a scroll of fog
 O - 3 scrolls of identify
 Q - a scroll of enchant armour
 S - 2 scrolls of amnesia
 V - a scroll of magic mapping
Potions
 b - 5 potions of magic
 d - 2 potions of haste
 e - 4 potions of invisibility
 i - 2 potions of brilliance
 j - 3 potions of mutation
 l - 2 potions of lignification
 o - 4 potions of might
 s - 2 potions of cancellation
 t - a potion of ambrosia
 v - 6 potions of curing
 E - a potion of flight
 T - a potion of berserk rage


   Skills:
 + Level 10.0 Fighting
 * Level 7.3 Staves
 + Level 10.8 Armour
 + Level 9.3 Dodging
 - Level 1.7 Stealth
 + Level 6.5 Spellcasting
 + Level 9.2 Conjurations
 - Level 2.0 Transmutations
 + Level 8.6 Earth Magic
 + Level 7.4 Poison Magic
 - Level 8.0 Invocations
 + Level 6.7 Evocations


You had 18 spell levels left.
You knew the following spells:

 Your Spells              Type           Power      Damage    Failure   Level
a - Sting                 Tmut/Pois      96%        1d7       1%          1
b - Olgreb's Toxic Radia  Pois           34%        N/A       4%          4
c - Stone Arrow           Conj/Erth      100%       3d13      1%          3

Your spell library contained the following spells:

 Spells                   Type           Power      Damage    Failure   Level
 Foxfire                  Conj/Fire      100%       2x1d9     1%          1
 Magic Dart               Conj           100%       1d8       1%          1
 Sandblast                Erth           78%        2d17      1%          1
 Passwall                 Tmut/Erth      21%        N/A       1%          2
 Poisonous Vapours        Pois/Air       40%        N/A       3%          2
 Mephitic Cloud           Conj/Pois/Air  40%        N/A       3%          3
 Dazzling Flash           Conj/Hex       70%        N/A       4%          3
 Hailstorm                Conj/Ice       35%        3d9       4%          3
 Spider Form              Tmut/Pois      24%        N/A       4%          3
 Wereblood                Tmut           13%        N/A       7%          2
 Freeze                   Ice            24%        1d4       11%         1
 Necrotise                Necr           24%        1d5       11%         1
 Call Imp                 Summ           6%         N/A       16%         2
 Ensorcelled Hibernation  Hex/Ice        12%        N/A       16%         2
 Scorch                   Fire           12%        2d6       16%         2
 Sublimation of Blood     Necr           6%         N/A       16%         2
 Flame Wave               Conj/Fire      35%        2d10      16%         4
 Frozen Ramparts          Ice            12%        1d2       32%         3
 Vampiric Draining        Necr           6%         2d6       32%         3
 Vhi's Electric Charge    Tloc/Air       12%        N/A       32%         3
 Arcjolt                  Conj/Air       17%        1d27      41%         5
 Fireball                 Conj/Fire      17%        3d9       41%         5
 Anguish                  Hex/Necr       3%         N/A       71%         4
 Starburst                Conj/Fire      17%        6d6       94%         6
 Agony                    Necr           6%         N/A       96%         5
 Silence                  Hex/Air        3%         N/A       96%         5
 Summon Cactus Giant      Summ           3%         N/A       100%        6
 Ozocubu's Refrigeration  Ice            3%         4d8       100%        7
 Summon Hydra             Summ           3%         N/A       100%        7
 Ignition                 Fire           3%         3d4       100%        8
 Maxwell's Capacitive Co  Air            3%         ∞         100%        8


Dungeon Overview and Level Annotations

Branches:
Dungeon (10/15)            Temple (1/1) D:6            Lair (5/5) D:8
  Swamp (0/4) Lair:3        Snake (0/4) Lair:2        Slime (0/5) Lair:5
    Orc (2/2) D:10            Elf (0/3) Orc:2       Gauntlet (visited)

Altars:
Ashenzari
Cheibriados
Dithmenos
Fedhas
Gozag
Hepliaklqana
Kikubaaqudgha
Makhleb
Nemelex Xobeh
Okawaru
Qazlal
Ru
Sif Muna
Trog
Uskayaw
Vehumet
Wu Jian
Xom
Yredelemnul

Shops:
D:4 :   D:9 !   D:10 (   Orc:2 **

Portals:
Trove: D:10 (give +6 demon blade)

Annotations:
D:6 exclusion: statue
Orc:2 greasedhog's ghost, journeyman GnFi


Innate Abilities, Weirdness & Mutations

You are a tree.
Your roots penetrate the ground, keeping you stationary.
You cannot be teleported.
You are immune to unholy pain and torment.
Your maximum health is greatly increased.
Your equipment is partially melded.
Your life essence is reduced to manifest your ancestor. (-10% HP)
((You are completely covered in yellow scales. (AC +4, rCorr)))
A demonic guardian rushes to your aid.
((You are partially covered in sharp spines.))
((Your touch may irresistibly damage your foes and sap their willpower.))


Message History

The sun demon is struck by your spines. The sun demon barely misses you.
The orc warrior is struck by your spines.
The orc warrior closely misses you.
The orc high priest mumbles some strange prayers to Beogh against you.
Beogh smites you!
The sun demon hits you but does no damage.
The sun demon disappears in a puff of smoke!
The red devil hits you but does no damage.
The sun demon hits you.
You are engulfed in flames!
There is a stone staircase leading up, spattered with blood here.
The orc warrior hits you but does no damage.
The red devil is struck by your spines.
The red devil hits you but does no damage.
The orc knight hits you with a +0 great sword!
A demonic guardian appears!
The sun demon misses you.
You climb upwards.
There is a stone staircase leading down here.
The red devil attacks as you move away! The red devil barely misses you.
The orc knight attacks as you move away!
The orc knight hits you with a +0 great sword!
* * * LOW HITPOINT WARNING * * *
The sun demon hits you but does no damage.
The red devil hits you from afar with a +0 trident.
* * * LOW HITPOINT WARNING * * *
Barbed spikes become lodged in your body.
The orc warrior misses you.
The orc knight roars a battlecry!
The orc warrior goes into a battle-frenzy!
The barbs in your skin will harm you if you move.
Continue?
Okay, then.
Okay, then.
You turn into a tree.
Your +1 cloak of preservation melds into your body.
Your +1 helmet melds into your body.
Your +0 pair of boots melds into your body.
The +2 scale mail of Fashionability {Regen+ Slay+2} melds into your body.
Your roots penetrate the ground.
The sun demon hits you!
* * * LOW HITPOINT WARNING * * *
You are engulfed in flames!
You die...

......#..#.)))##..#.#
....####...))#).....## ...##
#...##........### ..##
#######.........# ###
##......#.....###
#.....#####.....#
#####...###.#..#### ###
#...##.........# ..###
#....#...♣3...####
....####.....##o>...###.##
..............##4o..##...#
.#........#...###..###...##
####.....##....##.##......#
## #....#####....##....#.##
.###....###.....####....##
##...........######......####
............## ##.........#.#


You could see an orc knight, a sun demon, a red devil and an orc warrior
(strong).

Vanquished Creatures
  Kirke (Lair:3)
  A dire elephant (Lair:5)
  A minotaur (Gauntlet)
  The ghost of Darkkill the Fighter, a journeyman MiHu of Gozag (Lair:1)
  A catoblepas (Lair:5)
  A hydra (Lair:4)
  A boulder beetle (Lair:3)
  A deep troll shaman (Lair:5)
  12 death yaks
  An orc high priest (Orc:1)
  A sixfirhy (Gauntlet)
  A bog body (Lair:3)
  Pikel (D:7)
  A lindwurm (Lair:5)
  3 orc knights
  An orc sorcerer (Orc:2)
  A smoke demon (Gauntlet)
  2 black mambas
  18 elephants
  4 cane toads
  A rime drake (Lair:3)
  3 komodo dragons
  A red devil (Gauntlet)
  A troll (Orc:1)
  4 polar bears (Lair:5)
  7 dream sheep (Lair:4)
  8 blink frogs
  A jumping spider (shapeshifter) (Gauntlet)
  A shadow (D:10)
  25 yaks
  4 wyverns
  2 hogs (Lair:3)
  4 basilisks
  A redback (shapeshifter) (Gauntlet)
  4 nagas (Lair:2)
  2 wargs
  6 water moccasins
  22 orc warriors
  4 black bears
  2 ice beasts (D:5)
  2 sky beasts
  6 ogres
  16 wolves
  6 centaurs
  A kobold brigand (D:3)
  13 bullfrogs
  Blork the orc (D:4)
  A gnoll sergeant (D:10)
  5 wights (D:9)
  10 killer bees
  2 electric eels
  2 howler monkeys
  2 crimson imps (Gauntlet)
  5 hounds
  2 jellies
  Crazy Yiuf (D:2)
  11 orc priests
  4 iguanas
  2 sleepcaps
  10 orc wizards
  2 hexers
  Ijyb (D:5)
  9 gnolls
  6 adders
  2 shadow imps
  A white imp (D:6)
  2 ufetubi (Gauntlet)
  4 dart slugs
  49 orcs
  8 ball pythons
  6 bats
  9 endoplasms
  4 giant cockroaches
  15 hobgoblins
  A jackal (shapeshifter) (Gauntlet)
  2 quokkas
  2 frilled lizards
  10 goblins
  13 kobolds
  7 rats
412 creatures vanquished.

Vanquished Creatures (collateral kills)
  A catoblepas (Lair:4)
  7 death yaks
  A skyshark (Lair:5)
  An orc knight (Orc:2)
  A bog body (Lair:3)
  6 elephants
  A black mamba (Lair:2)
  2 cane toads
  A komodo dragon (Lair:1)
  A troll (D:10)
  7 blink frogs
  4 dream sheep (Lair:5)
  A hog (Lair:3)
  7 yaks
  A steam dragon (D:8)
  2 basilisks
  2 wargs (Orc:2)
  2 acid dragons (D:9)
  5 water moccasins
  4 orc warriors
  6 wolves
  A bullfrog (Lair:1)
  A gnoll sergeant (D:9)
  2 killer bees (D:9)
  2 howler monkeys (D:9)
  4 orc priests
  4 orc wizards
  6 gnolls
  12 orcs
95 creatures vanquished.

Vanquished Creatures (others)
  16 hexers
  4 demonic plants (Gauntlet)
  15 fungi
  22 plants
57 creatures vanquished.

Grand Total: 564 creatures vanquished

Notes
Turn   | Place    | Note
-------+----------+-------------------------------------------
     0 | D:1      | voltaire321 the Demonspawn Venom Mage began the quest for
                  | the Orb.
     0 | D:1      | Reached XP level 1. HP: 13/13 MP: 3/3
    59 | D:1      | Reached skill level 1 in Transmutations
   416 | D:1      | Gained mutation: Your touch may inflict minor irresistible
                  | damage on your foes. [demonic ancestry]
   416 | D:1      | Reached XP level 2. HP: 20/20 MP: 3/5
   992 | D:1      | Reached XP level 3. HP: 25/25 MP: 4/6
  1054 | D:1      | Reached skill level 1 in Fighting
  1282 | D:1      | Reached skill level 1 in Armour
  1808 | D:2      | Gained mutation: Your touch may inflict irresistible damage
                  | on your foes. [demonic ancestry]
  1808 | D:2      | Reached XP level 4. HP: 32/32 MP: 7/7
  2205 | D:2      | Found a runed translucent door.
  2206 | D:2      | Noticed Crazy Yiuf
  2219 | D:2      | Killed Crazy Yiuf
  2220 | D:2      | Gained mutation: You are partially covered in yellow
                  | scales. (AC +2) [demonic ancestry]
  2220 | D:2      | Reached XP level 5. HP: 24/38 MP: 4/8
  2462 | D:3      | Found a faded altar of an unknown god.
  2530 | D:3      | Identified the +2 scale mail "Iluih" {+Inv}
  2691 | D:3      | Learned a level 4 spell: Olgreb's Toxic Radiance
  2695 | D:3      | Learned a level 3 spell: Stone Arrow
  2869 | D:3      | Gained mutation: You are partially covered in sharp spines.
                  | [demonic ancestry]
  2869 | D:3      | Reached XP level 6. HP: 14/44 MP: 1/10
  3618 | D:4      | Found a broken altar of Ashenzari.
  3708 | D:4      | Found Lotat's Book Boutique.
  3751 | D:4      | Noticed Blork the orc
  3761 | D:4      | Identified the ring "Fouguit" {Fire rPois Str+3}
  3778 | D:4      | Killed Blork the orc
  3917 | D:4      | Reached skill level 1 in Conjurations
  4005 | D:4      | Reached skill level 1 in Earth Magic
  4392 | D:5      | Entered Level 5 of the Dungeon
  4397 | D:5      | Noticed Ijyb
  4397 | D:5      | Paralysed by Ijyb for 5 turns
  4406 | D:5      | Killed Ijyb
  4407 | D:5      | Gained mutation: You are mostly covered in yellow scales.
                  | (AC +3) [demonic ancestry]
  4407 | D:5      | Reached XP level 7. HP: 51/51 MP: 8/11
  5127 | D:6      | Gained mutation: You are completely covered in yellow
                  | scales. (AC +4, rCorr) [demonic ancestry]
  5127 | D:6      | Reached XP level 8. HP: 46/58 MP: 9/13
  5363 | D:6      | Reached skill level 5 in Poison Magic
  5545 | D:6      | Found a hazy altar of Hepliaklqana.
  5689 | D:6      | Found a radiant altar of Vehumet.
  5865 | D:6      | Found a staircase to the Ecumenical Temple.
  5876 | Temple   | Entered the Ecumenical Temple
  6068 | D:6      | Became a worshipper of Hepliaklqana the Forgotten
  6166 | D:7      | Reached skill level 1 in Invocations
  6590 | D:7      | Noticed Pikel
  6609 | D:7      | Killed Pikel
  6610 | D:7      | Gained mutation: Your touch may irresistibly damage your
                  | foes and sap their willpower. [demonic ancestry]
  6610 | D:7      | Reached XP level 9. HP: 28/66 MP: 10/15
  6789 | D:7      | You fall into a shaft and drop 3 floors!
  6789 | D:10     | Entered Level 10 of the Dungeon
  6855 | D:10     | Identified the +2 scale mail of Fashionability {Regen+
                  | Slay+2}
  7036 | D:9      | Reached * piety under Hepliaklqana
  7201 | D:7      | Found a snail-covered altar of Cheibriados.
  7532 | D:7      | Reached skill level 5 in Spellcasting
  7765 | D:7      | Reached skill level 5 in Fighting
  7765 | D:7      | Reached skill level 5 in Dodging
  8078 | D:8      | Noticed an elephant
  8115 | D:8      | Killed an elephant
  8217 | D:8      | Found a staircase to the Lair.
  8240 | D:8      | Reached XP level 10. HP: 66/66 MP: 14/17
  8405 | D:8      | Found an ornate altar of the Wu Jian Council.
  8435 | D:8      | Reached skill level 5 in Armour
  8435 | D:8      | Reached skill level 5 in Conjurations
  8595 | D:8      | Reached ** piety under Hepliaklqana
  8612 | D:8      | Remembered your ancestor Iltani as a hexer
  9037 | D:9      | Reached skill level 5 in Invocations
  9119 | D:9      | Identified the +11 quarterstaff of Hucrushe {spect, rF- rN+
                  | Int+5 SInv}
  9208 | D:9      | Reached skill level 5 in Earth Magic
  9348 | D:9      | Found Pole's Distillery.
  9370 | D:9      | Bought a potion of might for 48 gold pieces
  9760 | D:10     | Found a portal to a secret trove of treasure.
  9784 | D:10     | Found Vaofitz's Weapon Shoppe.
  9791 | D:10     | Found a staircase to the Orcish Mines.
  9979 | D:10     | Found a sacrificial altar of Ru.
 10003 | D:10     | Reached XP level 11. HP: 39/74 MP: 1/18
 10366 | D:10     | Identified a scroll of acquirement
 10366 | D:10     | Acquired 1119 gold pieces
 10670 | D:10     | Reached *** piety under Hepliaklqana
 10759 | D:4      | Bought a manual of Armour for 880 gold pieces
 11259 | Lair:1   | Entered Level 1 of the Lair of Beasts
 11352 | Lair:1   | Found a gate leading to a gauntlet.
 11366 | Gauntlet | Entered a Gauntlet
 11366 | Gauntlet | Found a transporter.
 11417 | Gauntlet | Found a transporter.
 11419 | Gauntlet | Found a transporter.
 11431 | Gauntlet | Found a transporter.
 11433 | Gauntlet | Found a transporter.
 11435 | Gauntlet | Noticed a wretched star
 11444 | Gauntlet | Found a transporter.
 11456 | Gauntlet | Noticed a reaper
 11459 | Gauntlet | Found a transporter.
 11469 | Gauntlet | Found a transporter.
 11470 | Gauntlet | Noticed a fenstrider witch
 11474 | Gauntlet | a fenstrider witch changed into a minotaur
 11474 | Gauntlet | Noticed a minotaur (glowing shapeshifter)
 11477 | Gauntlet | Noticed a hell beast
 11479 | Gauntlet | Found a transporter.
 11482 | Gauntlet | a minotaur changed into a black draconian
 11482 | Gauntlet | Noticed a black draconian (glowing shapeshifter)
 11484 | Gauntlet | a black draconian changed into an emperor scorpion
 11484 | Gauntlet | Noticed an emperor scorpion (glowing shapeshifter)
 11493 | Gauntlet | Found a transporter.
 11500 | Gauntlet | Noticed a sixfirhy
 11502 | Gauntlet | Found a transporter.
 11505 | Gauntlet | Found a transporter.
 11516 | Gauntlet | Found a runed translucent door.
 11563 | Gauntlet | Noticed a fire crab
 11574 | Gauntlet | a fire crab changed into a shapeshifter
 11802 | Gauntlet | Found a transporter.
 11806 | Gauntlet | Identified the ring "Guos" {rCorr Dex+4}
 11813 | Gauntlet | Killed a sixfirhy
 11825 | Gauntlet | an elephant changed into a steelbarb worm
 11825 | Gauntlet | Noticed a steelbarb worm (shapeshifter)
 11846 | Gauntlet | a steelbarb worm changed into a snapping turtle
 11893 | Gauntlet | a komodo dragon changed into a mana viper
 11893 | Gauntlet | Noticed a mana viper (shapeshifter)
 11928 | Gauntlet | a mana viper changed into an elephant
 11936 | Gauntlet | a tarantella changed into an entropy weaver
 11936 | Gauntlet | Noticed an entropy weaver (shapeshifter)
 11967 | Gauntlet | an entropy weaver changed into a shapeshifter
 12018 | Gauntlet | Identified the staff of conjuration "Zuroladd" {rPois rN++
                  | Int+3}
 12027 | Gauntlet | Found a transporter.
 12072 | Gauntlet | Found the +9 staff of Olgreb {rPois∞}
 12072 | Gauntlet | Noticed a minotaur
 12086 | Gauntlet | Killed a minotaur
 12314 | Lair:1   | Reached skill level 1 in Evocations
 12354 | Lair:1   | Reached skill level 1 in Staves
 12527 | Lair:1   | Reached **** piety under Hepliaklqana
 12697 | Lair:1   | Found a runed translucent door.
 12698 | Lair:1   | Noticed Darkkill's ghost (journeyman MiHu)
 12718 | Lair:1   | Killed Darkkill's ghost
 13305 | Lair:2   | Gained mutation: A weak demonic guardian rushes to your
                  | aid. [demonic ancestry]
 13305 | Lair:2   | Reached XP level 12. HP: 58/82 MP: 16/19
 13487 | Lair:2   | Found a staircase to the Snake Pit.
 14392 | Lair:3   | Noticed a boulder beetle
 14408 | Lair:3   | Killed a boulder beetle
 14676 | Lair:3   | Noticed a death yak
 14676 | Lair:3   | Noticed a death yak
 14676 | Lair:3   | Noticed a death yak
 14677 | Lair:3   | Noticed a death yak
 14680 | Lair:3   | Noticed a death yak
 14685 | Lair:3   | Noticed a death yak
 14689 | Lair:3   | Killed a death yak
 14840 | Lair:3   | Noticed Kirke
 14847 | Lair:3   | Noticed a sphinx
 14978 | Lair:3   | Killed Kirke
 15197 | Lair:3   | Reached ***** piety under Hepliaklqana
 15756 | Lair:3   | Killed a death yak
 15768 | Lair:3   | Killed a death yak
 15778 | Lair:3   | Killed a death yak
 15783 | Lair:3   | Killed a death yak
 15784 | Lair:3   | Gained mutation: A demonic guardian rushes to your aid.
                  | [demonic ancestry]
 15784 | Lair:3   | Reached XP level 13. HP: 59/90 MP: 1/20
 15959 | Lair:3   | Found a staircase to the Swamp.
 16091 | Lair:4   | Reached skill level 5 in Evocations
 16534 | Lair:4   | Reached skill level 5 in Staves
 17085 | Lair:5   | Entered Level 5 of the Lair of Beasts
 17377 | Lair:5   | Found a staircase to the Slime Pits.
 17670 | Lair:5   | Found a burning altar of Makhleb.
 17793 | Lair:5   | Reached skill level 10 in Armour
 18181 | Lair:5   | Reached XP level 14. HP: 45/97 MP: 8/23
 18716 | Lair:5   | Identified the staff of fire "Boidon" {rF+ Will++ rCorr
                  | Int+3}
 19183 | Orc:1    | Entered Level 1 of the Orcish Mines
 20011 | Orc:2    | Entered Level 2 of the Orcish Mines
 20031 | Orc:2    | Noticed greasedhog's ghost (journeyman GnFi)
 20208 | Orc:2    | Reached skill level 10 in Fighting
 20380 | Orc:2    | Found a staircase to the Elven Halls.
 20422 | Orc:2    | Reached ****** piety under Hepliaklqana
 20520 | Orc:2    | Found Xilopy's General Store.
 20523 | Orc:2    | Found Ydwig Togh's General Store.
 20576 | Orc:1    | HP: 3/148 [sun demon (17)]
 20576 | Orc:1    | Mangled by a sun demon

Illustrated notes

Levels and vault maps discovered:
D:1:      saegor_arrival_simple_c, layout_rooms, serial_co_window_serial,
          co_window_paths_a, co_window_corner_a, co_window_of_opportunity_a,
          co_window_paths_a, co_window_corner_a, co_window_paths_b,
          co_window_corner_a, co_window_paths_c, co_window_of_opportunity_c,
          co_window_broadway_a, co_window_corner_ca, co_window_corner_ca,
          co_window_4corner_a, minmay_split_cup_large
D:2:      layout_loops_cross, uniq_crazy_yiuf_cottage
D:3:      cheibrodos_thug_alley, layout_basic, nicolae_ecumenical_pavilion
D:4:      cheibrodos_pilgrimage, layout_cave_pools,
          mainiacjoe_overflow_boulevard, serial_shops, shop, uniq_blork_the_orc
D:5:      layout_cave_pools, uniq_ijyb
D:6:      layout_loops_ring, vehumet_statue, overflow_temple_1_default,
          minmay_temple_entry_nine_rooms
D:7:      layout_basic, mainiacjoe_overflow_small_starburst,
          kennysheep_generic_room_4, uniq_pikel
D:8:      layout_gridville, marbit_many_paths, david_lair_generic,
          nicolae_elevator_lobby_plus
D:9:      layout_long_grid, serial_shops, nicolae_shop_advertising_works
          [nicolae_subvault_shop_adworks]
D:10:     layout_stronghold, chequers_temple_overflow_statue_of_worship,
          orc_david_3, enter_trove_2, nrook_uturn
Temple:   minmay_freezing_vapour_temple
Lair:1:   layout_chaotic_city, gammafunk_ghost_grave, gauntlet_entry_generic
Lair:2:   layout_regular_city, minmay_snake_entry_guardpost_small,
          infiniplex_staircase_pool, serial_bayou_shore_a
Lair:3:   layout_chaotic_city, nicolae_swamp_entry_splash_gauntlet,
          beast_lair_carwin_1, uniq_kirke
Lair:4:   layout_roguey, serial_bayou_shore_b
Lair:5:   grunt_lair_end_beastmaster, layout_hall_layers,
          dpeg_slime_entry_corner, basic_altar
Orc:1:    layout_diamond_mine, basic_altar
Orc:2:    pf_orc_diabolical, layout_caves, gammafunk_ghost_berserking_beasts,
          nicolae_orc_tapped_out

Skill      XL: |  1  2  3  4  5  6  7  8  9 10 11 12 13 14 |
---------------+-------------------------------------------+-----
Transmutations | 1 2 |  2.0
Dodging        | 2 3 4 5 6 7 8 9 |  9.3
Fighting       | 1 2 3 4 5 6 7 8 9 10 | 10.0
Armour         | 1 2 3 4 5 7 9 10 | 10.8
Poison Magic   | 4 5 6 7 |  7.4
Spellcasting   | 3 4 5 6 |  6.5
Conjurations   | 1 2 3 4 6 7 8 9 |  9.2
Earth Magic    | 1 2 3 4 5 6 7 8 |  8.6
Invocations    | 2 4 6 8 |  8.0
Evocations     | 2 4 6 |  6.7
Staves         | 2 4 6 7 |  7.3
Stealth        | |  1.7

Action                     |  1- 3 |  4- 6 |  7- 9 | 10-12 | 13-15 || total
---------------------------+-------+-------+-------+-------+-------++-------
  Melee: Unarmed           |     4 |       |       |     4 |       ||     8
         Dagger            |    56 |    78 |   135 |   130 |       ||   399
         Touch             |     8 |     8 |    25 |    87 |   107 ||   235
         Punch             |       |       |     2 |     5 |    11 ||    18
         Staff             |       |       |       |   196 |   334 ||   530
   Cast: Sting             |    54 |    82 |    98 |    26 |       ||   260
         Stone Arrow       |       |       |    12 |    28 |    58 ||    98
         Olgreb's Toxic Ra |       |       |       |    29 |    35 ||    64
 Invoke: Ancestor Life: He |       |       |       |     1 |       ||     1
         Recall Ancestor   |       |       |       |     1 |       ||     1
Ability: Evoke the Staff o |       |       |       |     1 |       ||     1
  Evoke: Wand              |       |       |       |     2 |     1 ||     3
    Use: Potion            |       |     2 |       |     1 |     3 ||     6
         Scroll            |       |     7 |    11 |    11 |     6 ||    35
   Stab: Sleeping          |     1 |       |     4 |     1 |       ||     6
         Distracted        |       |       |       |     9 |     7 ||    16
         Confused          |       |       |       |     8 |     2 ||    10
 Armour: Robe              |    14 |     1 |       |       |       ||    15
         Leather armour    |       |    22 |    62 |   154 |     2 ||   240
         Scale mail        |       |       |       |       |   239 ||   239
  Dodge: Dodged            |    28 |    62 |   114 |   342 |   231 ||   777

Table legend: (Time is in decaauts)
 A = Elapsed time spent in this place.
 B = Non-inter-level travel time spent in this place.
 C = Inter-level travel time spent in this place.
 D = Time resting spent in this place.
 E = Time spent auto-exploring this place.
 F = Levels seen in this place.
 G = Mean time per level.
                   A        B        C        D        E       F      G
               +--------+--------+--------+--------+--------+-----+--------+
         Total |  20584 |  19836 |    748 |   4826 |  10052 |  19 | 1083.4 |
       Dungeon |  11323 |  10829 |    494 |   1899 |   6473 |  10 | 1132.3 |
        Temple |      6 |      6 |      0 |      0 |      0 |   1 |    6.0 |
          Lair |   7075 |   6853 |    222 |   2183 |   3017 |   5 | 1415.0 |
  Orcish Mines |   1380 |   1348 |     32 |    347 |    561 |   2 |  690.0 |
      Gauntlet |    798 |    798 |      0 |    397 |      0 |   1 |  798.0 |
               +--------+--------+--------+--------+--------+-----+--------+

Top non-repeatable levels by time:
  Lair:5: 1901 daAuts
  Lair:3: 1640 daAuts
    D:10: 1444 daAuts
     D:1: 1395 daAuts
     D:7: 1360 daAuts
  Lair:2: 1351 daAuts
     D:8: 1287 daAuts
     D:3: 1148 daAuts
  Lair:1: 1114 daAuts
     D:6: 1091 daAuts
     D:9: 1078 daAuts
  Lair:4: 1066 daAuts
     D:2: 1064 daAuts
   Orc:1: 935 daAuts
     D:4: 800 daAuts
